Map: Moondance

Players

Timorus

  • Race: Terran Terran
  • Spawn Location: 6:00

Gerald - Winner!

  • Race: Protoss Protoss
  • Spawn Location: 12:00

Event: DreamHack SC2 Masters 2022 Atlanta (Offline)

VOD

Have the link to the VOD?

Description

Time

  • Played on: Nov. 18, 2022, 10:17 a.m.
  • Length: 7:08

All games in this series

Show
View Real Time Build Order
Export as new Build Order

Timorus Terran 

Build Orders: Reaper Expand 

Get SALT Encoding   

  12  0:00  SCV  
  13  0:12  SCV  
  14  0:16  Supply Depot  
  14  0:24  SCV  
  15  0:38  SCV  
  15  0:40  Barracks  
  16  0:46  Refinery  
  16  0:50  SCV  
  17  1:02  SCV  
  18  1:14  SCV  
  19  1:29  Reaper, Orbital Command  
  20  1:49  Command Center  
  20  1:55  Supply Depot  
  20  1:56  SCV  
  21  2:03  Marine  
  22  2:10  SCV  
  23  2:17  Factory  
  23  2:20  Refinery  
  23  2:24  Bunker  
  23  2:25  Barracks Reactor  
  23  2:30  SCV  
  24  2:42  SCV  
  25  2:54  SCV  
  26  3:03  Orbital Command  
  26  3:06  SCV, Factory Tech Lab, Marine x2  
  26  3:07  Starport  
  29  3:23  Marine  
  29  3:24  Marine  
  31  3:28  SCV  
  31  3:31  SCV  
  32  3:40  SCV  
  33  3:41  Marine x2  
  33  3:43  SCV  
  35  3:52  SCV  
  36  4:00  Factory Tech Lab, Banshee, Cloaking Field  
  38  4:02  SCV  
  38  4:09  Marine x2  
  40  4:10  SCV  
  41  4:21  SCV  
  41  4:22  Siege Tank  
  41  4:23  SCV  
  42  4:32  Marine  
  42  4:33  SCV, Marine  
  45  4:39  Supply Depot x2  
  45  4:51  Banshee  
  46  4:54  SCV  
  46  5:00  SCV, Siege Tank  
  46  5:01  Marine  
  46  5:02  Marine  
  46  5:06  SCV  
  53  5:08  Supply Depot  
  53  5:12  SCV  
  54  5:18  SCV  
  54  5:19  Marine x2  
  57  5:24  SCV  
  58  5:31  SCV  
  58  5:32  Supply Depot, Siege Tank  
  58  5:33  Banshee  
  65  5:37  SCV  
  61  5:44  Marine  
  61  5:46  SCV  
  61  5:49  SCV  
  59  5:57  Bunker  
  59  5:58  SCV  
  59  6:01  SCV  
  58  6:04  Siege Tank  
  58  6:05  Supply Depot  
  58  6:07  Marine  
  58  6:08  Marine  
  58  6:10  SCV  
  64  6:14  SCV  
  64  6:15  Refinery  
  64  6:16  Banshee  
  64  6:17  Refinery  
  68  6:22  SCV  
  67  6:26  SCV  
  67  6:27  Marine x2  
  67  6:31  Supply Depot  
  67  6:34  SCV  
  67  6:38  SCV  
  68  6:46  SCV  
  72  6:48  Supply Depot  
  72  6:50  SCV  
  72  6:51  Barracks x2  
Show
View Real Time Build Order
Export as new Build Order

Gerald Protoss - Winner!

Build Orders: 1 Gate Expand, Blink Stalkers 

Get SALT Encoding   

  12  0:00  Probe  
  13  0:12  Probe  
  14  0:18  Pylon  
  14  0:24  Probe (Chrono Boost)  
  15  0:37  Probe (Chrono Boost)  
  15  0:39  Gateway  
  16  0:44  Probe (Chrono Boost)  
  17  0:51  Probe  
  17  0:52  Assimilator  
  18  1:03  Probe  
  19  1:15  Probe  
  20  1:28  Cybernetics Core  
  20  1:30  Probe  
  21  1:39  Nexus  
  21  1:42  Probe  
  22  1:48  Pylon  
  22  1:54  Probe  
  22  1:56  Assimilator  
  23  2:04  Adept (Chrono Boost)  
  25  2:11  Probe  
  25  2:18  Warp Gate  
  25  2:24  Probe, Stalker (Chrono Boost)  
  28  2:31  Shield Battery  
  28  2:36  Probe  
  29  2:47  Stalker  
  29  2:50  Probe  
  32  2:53  Twilight Council  
  32  3:05  Probe x2 (Chrono Boost)  
  34  3:13  Gateway  
  34  3:17  Probe (Chrono Boost)  
  34  3:19  Probe (Chrono Boost)  
  36  3:21  Robotics Facility  
  36  3:39  Probe  
  36  3:41  Probe, Blink (Chrono Boost)  
  38  3:51  Probe  
  38  3:53  Probe  
  40  4:03  Probe, Pylon  
  40  4:05  Probe  
  42  4:10  Observer  
  42  4:11  Gateway  
  42  4:12  Gateway  
  42  4:15  Probe  
  44  4:17  Probe  
  43  4:24  Stalker x2  
  43  4:26  Assimilator  
  43  4:28  Probe, Pylon  
  43  4:29  Probe  
  49  4:35  Warp Prism (Chrono Boost)  
  49  4:36  Pylon  
  51  4:43  Probe  
  52  4:54  Probe  
  52  4:56  Probe  
  52  4:57  Stalker x2  
  58  5:01  Pylon  
  58  5:06  Probe  
  59  5:09  Observer x2 (Chrono Boost)  
  60  5:15  Nexus  
  60  5:21  Pylon  
  60  5:25  Stalker x3  
  60  5:28  Stalker  
  67  5:29  Probe  
  67  5:31  Charge (Chrono Boost)  
  67  5:48  Probe (Chrono Boost)  
  67  5:49  Stalker x3  
  72  5:53  Probe (Chrono Boost)  
  70  6:02  Observer  
  73  6:05  Shield Battery, Probe x2 (Chrono Boost)  
  73  6:07  Stalker  
  73  6:08  Forge  
  73  6:10  Probe (Chrono Boost)  
  76  6:12  Probe (Chrono Boost)  
  76  6:14  Pylon  
  77  6:19  Probe  
  77  6:23  Probe  
  79  6:30  Probe, Pylon  
  79  6:31  Probe  
  81  6:36  Probe  
  82  6:40  Zealot x2  
  82  6:41  Zealot x2  
  82  6:42  Probe  
  82  6:43  Probe  
  92  6:48  Probe  
  92  6:49  Shield Battery  
  93  6:54  Probe  
  93  6:55  Probe  
Tags
 
Add a new tag
Caveats
  • Supply blocks, unpowered buildings, or Contaminate may cause inaccurate times.
  • Supply counts are checked every 10 seconds.